 Dungeon Crawl Stone Soup version 0.19.1 (webtiles) character file.

254 Ladykiller69 the Ducker (level 5, 0/24 HPs)
             Began as a Felid Warper on Dec 27, 2016.
             Slain by a gnoll
             ... wielding a +2 spear of freezing
              (5 damage)
             ... on level 4 of the Dungeon.
             The game lasted 00:11:27 (4450 turns).

Ladykiller69 the Ducker (Felid Warper)              Turns: 4450, Time: 00:11:28

Health: 0/24       AC:  1    Str:  7    XL:     5   Next: 91%
Magic:  9/9        EV: 20    Int: 14    God:
Gold:   125        SH:  0    Dex: 17    Spells: 0 memorised, 8 levels left
                                        Lives:  0   Deaths: 1

rFire  . . .     SeeInvis +       - Unarmed
rCold  . . .     Gourm    .     (armour unavailable)
rNeg   . . .     Faith    .     (shield unavailable)
rPois  .         Spirit   .     (helmet unavailable)
rElec  .         Reflect  .     (cloak unavailable)
rCorr  .         Harm     .     (gloves unavailable)
MR     .....                    (boots unavailable)
Stlth  +++.......               (no amulet)
                                (no ring)
                                (no ring)

@: quick
A: no armour, no weapons or thrown items, stealth, claws 1, fangs 3, see
invisible, carnivore 3, speed 1, high mp 1, mutation resistance 1, screaming 1,
shaggy fur 1, slow metabolism 1, sharp paws
a: no special abilities


You were on level 4 of the Dungeon.
You were completely stuffed.

You visited 1 branch of the dungeon, and saw 4 of its levels.
You also visited: Sewer.

You collected 125 gold pieces.

Inventory:

Armour
 l - a +1 hat
Jewellery
 h - a +3 ring of evasion {unknown}
 p - an uncursed ring of teleportation
Wands
 o - a wand of digging (13/24)
Scrolls
 b - 2 scrolls of blinking
 f - a scroll of teleportation
 g - 4 scrolls of identify
 i - a scroll of amnesia {unknown}
 j - 2 scrolls of random uselessness
 n - a scroll of fog
 r - a scroll of noise {unknown}
Potions
 d - 3 potions of flight
 e - 3 potions of curing
 k - a potion of might
 q - 2 potions of cancellation
Books
 a - a book of Spatial Translocations

   Spells                             Type                      Level
   a - Blink                          Translocation                2
   b - Shroud of Golubria             Charms/Translocation         2
   c - Lesser Beckoning               Translocation                3
   d - Portal Projectile              Translocation                3
   e - Teleport Other                 Translocation                3
   f - Passage of Golubria            Translocation                4
Comestibles
 c - 2 meat rations
 m - a chunk of flesh


   Skills:
 + Level 3.2 Fighting
 + Level 5.0 Dodging
 + Level 3.7 Stealth
 * Level 4.4 Unarmed Combat
 - Level 2.0 Spellcasting
   Level 4.4 Translocations


You had 8 spell levels left.
You didn't know any spells.

Dungeon Overview and Level Annotations

Branches:
Dungeon (4/15)
 Temple: D:4-7

Altars:
Kikubaaqudgha

Annotations:
D:2 Terence


Innate Abilities, Weirdness & Mutations

You cannot wear armour.
You are incapable of wielding weapons or throwing items.
Your paws allow you to move quietly. (Stealth)
You have sharp claws.
You have razor-sharp teeth.
You have supernaturally acute eyesight. (SInv)
You are carnivorous and can eat meat at any time.
You cover ground quickly.
You are covered in fur. (AC +1)
You have a slow metabolism.
Your sharp claws are effective at attacking unaware monsters.
You have an increased reservoir of magic. (+10% MP)
You are somewhat resistant to further mutation.
You occasionally shout uncontrollably at your foes.


Message History

a flail; 3 chunks of flesh; a gnoll skeleton
There is a stone staircase leading up here.
Some of the chunks of flesh in your inventory have rotted away.
The gnoll shouts!
The gnoll misses you.
You scratch the gnoll.
The gnoll is lightly wounded.
The gnoll closely misses you.
You closely miss the gnoll.
The gnoll is lightly wounded.
The gnoll hits you with a spear of freezing.
The gnoll freezes you.
You barely miss the gnoll.
The gnoll is lightly wounded.
You scratch the gnoll.
The gnoll is lightly wounded.
The gnoll hits you with a spear of freezing!
* * * LOW HITPOINT WARNING * * *
The gnoll freezes you.
You die...

#..g......#..........#
###.........#..........#
......................##
####....:..#...........#
##.....!#...........#
#.####.............# #.#
#..#........<.# #### #.#
##g.#..........#
#...##.###@..##(.......##
#........#.###.$....##
######.......#)# ########
.....%...###.<.###### ###
####..............### #..
##..######....#...#####..
#...# #..#........##..
.......##
##....###....... .......
####..#######..


You could see a gnoll.

Vanquished Creatures
  A sky beast (D:3)
  A centaur skeleton (D:3)
  Ijyb (D:2)
  2 worker ants (D:4)
  A gnoll (D:4)
  4 adders
  A river rat (Sewer)
  2 oozes
  A worm (D:2)
  A dart slug (D:1)
  A leopard gecko (D:1)
  9 bats
  5 giant cockroaches
  5 goblins
  4 hobgoblins
  A jackal (Sewer)
  A quokka (D:2)
  2 frilled lizards
  11 kobolds
  11 rats
  A rat zombie (D:3)
66 creatures vanquished.

Notes
Turn   | Place    | Note
-------+----------+-------------------------------------------
     0 | D:1      | Ladykiller69 the Felid Warper began the quest for the Orb.
     0 | D:1      | Reached XP level 1. HP: 9/9 MP: 4/4
   450 | D:1      | Reached XP level 2. HP: 13/13 MP: 6/6
   928 | D:1      | Noticed a centaur
   986 | D:2      | Reached XP level 3. HP: 16/16 MP: 7/7
  1016 | D:2      | Reached skill level 1 in Stealth
  1096 | D:2      | Noticed Terence
  1442 | D:2      | Noticed Ijyb
  1488 | D:2      | Killed Ijyb
  1488 | D:2      | Reached skill level 4 in Dodging
  2021 | D:2      | Reached XP level 4. HP: 20/20 MP: 8/8
  2913 | D:3      | HP: 1/20 [adder (3)]
  2961 | D:3      | Found a glowing drain.
  3132 | Sewer    | Entered a sewer
  3144 | Sewer    | HP: 1/20 [river rat (9)]
  3233 | Sewer    | Gained mutation: You have an increased reservoir of magic. (+10% MP) [potion of mutation]
  3233 | Sewer    | Gained mutation: You occasionally shout uncontrollably at your foes. [potion of mutation]
  3233 | Sewer    | Gained mutation: You are somewhat resistant to further mutation. [potion of mutation]
  3234 | Sewer    | Noticed a big kobold
  3241 | Sewer    | HP: 1/20 [jackal (3)]
  3242 | Sewer    | Slain by a jackal
  3243 | Sewer    | Reached XP level 3. HP: -1/16 MP: 7/7
  3290 | Sewer    | Found a glowing silver altar of Zin.
  3705 | D:3      | Reached XP level 4. HP: 20/20 MP: 8/8
  3812 | D:3      | Noticed a sky beast
  3815 | D:3      | Killed a sky beast
  3815 | D:3      | Reached XP level 5. HP: 24/24 MP: 9/9
  3862 | D:3      | Found an ancient bone altar of Kikubaaqudgha.
  3990 | D:3      | You fall through a shaft!
  4138 | D:4      | Reached skill level 5 in Dodging
  4450 | D:4      | Slain by a gnoll

Skill      XL: |  1  2  3  4  5 |
---------------+----------------+-----
Stealth        | 1 3 |  3.7
Dodging        | 4 5 |  5.0
Unarmed Combat | 3 4 |  4.4
Fighting       | 3 |  3.2
Spellcasting   | |  2.0
Translocations | |  4.4

Action                   |  1- 3 |  4- 6 || total
-------------------------+-------+-------++-------
Melee: Unarmed           |   150 |   106 ||   256
       Bite              |    17 |    11 ||    28
       Punch             |     3 |     3 ||     6
  Use: Scroll            |       |     7 ||     7
       Potion            |       |     4 ||     4
 Stab: Sleeping          |     6 |     6 ||    12
  Eat: Chunk             |    10 |    10 ||    20
Armor: Skin              |     7 |     8 ||    15
Dodge: Dodged            |   116 |    99 ||   215
